 Dungeon Crawl Stone Soup version 0.16-b1 (webtiles) character file.

78 McCoppin the Slasher (level 4, 0/33 HPs)
             Began as a Vampire Gladiator on Mar 11, 2015.
             Slain by an iguana (8 damage)
             ... on level 4 of the Dungeon.
             The game lasted 00:07:47 (1631 turns).

McCoppin the Slasher (Vampire Gladiator)            Turns: 1631, Time: 00:07:47

Health: 0/33       AC: 10    Str: 14    XL:     4   Next: 15%
Magic:  4/4        EV:  7    Int: 10    God:
Gold:   100        SH:  0    Dex: 19    Spells: 0 memorised, 3 levels left

rFire  . . .     SeeInvis +     a - +0 long sword
rCold  . . .     Clarity  .     q - +0 chain mail
rNeg   . . .     SustAb   .     (no shield)
rPois  .         Gourm    .     c - +0 helmet
rElec  .         Spirit   .     (no cloak)
rCorr  .         Warding  .     (no gloves)
rMut   .         Stasis   .     (no boots)
MR     .....                    (no amulet)
Stlth  ..........               r - +4 ring of dexterity
                                o - +1 ring of protection

@: regenerating quickly, not resistant to hostile enchantments, extremely
unstealthy
A: bottle blood, fangs 3, see invisible, unbreathing
a: no special abilities


You were on level 4 of the Dungeon.
You were very full.

You visited 1 branch of the dungeon, and saw 4 of its levels.

You collected 100 gold pieces.

Inventory:

Hand weapons
 a - a +0 long sword (weapon)
Missiles
 d - 3 throwing nets (quivered)
Armour
 b - a +0 leather armour
 c - a +0 helmet (worn)
 q - a +0 chain mail (worn)
Jewellery
 o - a +1 ring of protection (left hand)
 r - a +4 ring of dexterity (right hand)
Magical devices
 u - a wand of polymorph (0)
Scrolls
 f - a scroll of recharging {unknown}
 h - a scroll of immolation {unknown}
 i - a scroll of teleportation {unknown}
 j - 3 scrolls of identify {unknown}
 l - a scroll of enchant weapon {unknown}
 m - a scroll of magic mapping {unknown}
 p - a scroll of enchant armour {unknown}
 s - a scroll of remove curse {unknown}
 w - a scroll of blinking {unknown}
Potions
 e - 6 potions of blood
 g - a potion of haste {unknown}
 k - 2 potions of cure mutation {unknown}
 n - 2 potions of invisibility {unknown}
 t - a potion of agility {unknown}
 v - a potion of curing {unknown}


   Skills:
 - Level 1.7 Fighting
 + Level 5.0 Long Blades
 - Level 1.5 Throwing
 - Level 3.2 Dodging


You had 3 spell levels left.
You didn't know any spells.

Dungeon Overview and Level Annotations

Branches:
Dungeon (4/15)
 Temple: D:4-7

Altars:
Xom


Innate Abilities, Weirdness & Mutations

Your natural rate of healing is unusually fast.
You can bottle blood from corpses.
You have razor-sharp teeth.
You have supernaturally acute eyesight.
You can survive without breathing.


Message History

You barely miss the iguana. You bite the iguana, but do no damage.
The iguana bites you but does no damage.
You hit the iguana but do no damage. The iguana barely misses you.
You closely miss the iguana. You bite the iguana, but do no damage.
The iguana bites you!
The iguana bites you but does no damage.
You slash the iguana!
The iguana is heavily wounded.
The iguana bites you but does no damage.
You hit the iguana but do no damage. You bite the iguana, but do no damage.
The iguana is heavily wounded.
The iguana bites you.
You hit the iguana.
The iguana is severely wounded.
The iguana bites you.
* * * LOW HITPOINT WARNING * * *
You hit the iguana.
The iguana is almost dead.
The iguana bites you!
You die...

#.. . ## ..# ...
...### ##..#....
.......###....#...
..$.................
......##...<........
.......#............
........l(..........
........@..%........
..........####......
#.....#### ##.#.
###### ##


You could see an iguana.

Vanquished Creatures
  Terence (D:3)
  2 adders (D:3)
  2 worms
  An ooze (D:3)
  7 bats
  A bat skeleton (D:3)
  3 giant cockroaches
  7 hobgoblins
  5 kobolds
  A quokka (D:2)
  A ball python (D:3)
  A giant gecko (D:3)
  2 giant newts
  4 goblins
  6 rats
44 creatures vanquished.

Notes
Turn   | Place    | Note
--------------------------------------------------------------
     0 | D:1      | McCoppin, the Vampire Gladiator, began the quest for the Orb.
     0 | D:1      | Reached XP level 1. HP: 16/16 MP: 1/1
   140 | D:1      | Reached XP level 2. HP: 19/22 MP: 2/2
   442 | D:2      | Found a shimmering altar of Xom.
   495 | D:2      | Reached skill level 4 in Long Blades
   690 | D:2      | Reached XP level 3. HP: 27/27 MP: 3/3
  1361 | D:3      | Noticed Terence
  1429 | D:3      | Killed Terence
  1590 | D:3      | Reached skill level 5 in Long Blades
  1590 | D:3      | Reached XP level 4. HP: 31/33 MP: 4/4
  1631 | D:4      | Slain by an iguana

Action                   |  1- 3 |  4- 6 || total
-------------------------+-------+-------++-------
Melee: Long sword        |   139 |    19 ||   158
       Unarmed           |    11 |       ||    11
  Use: Potion            |     9 |       ||     9
  Eat: Corpse            |     1 |       ||     1
